 Dungeon Crawl Stone Soup version 0.30.1-3-gfc49f6343a (webtiles) character file.

Game seed: 11868892292290443537

7782 Descartes the Blocker (level 11, -1/87 HPs)
             Began as a Formicid Fighter on Aug 6, 2023.
             Was an Initiate of Gozag.
             Slain by Rupert
             ... wielding a +2 great mace of holy wrath
              (5 damage)
             ... on level 12 of the Dungeon.
             The game lasted 00:21:02 (10475 turns).

Descartes the Blocker (Formicid Fighter)           Turns: 10475, Time: 00:21:03

Health: -1/87      AC: 33    Str: 29    XL:     11   Next: 43%
Magic:  11/11      EV:  6    Int:  8    God:    Gozag
Gold:   1169       SH: 22    Dex: 16    Spells: 10/10 levels left

rFire   . . .        U - +3 halberd
rCold   . . .        H - +0 tower shield "Musun" {Rampage Will+ Str-2 Dex+3}
rNeg    . . .        u - +15 Maxwell's patent armour {-Cast -Tele rElec Will+ rCorr}
rPois   .            (helmet unavailable)
rElec   +            (no cloak)
rCorr   +            C - +0 pair of gloves
SInv    +            c - +2 pair of boots {Stlth+}
Will    +++..        r - amulet of reflection Stlth
                     g - +4 ring of slaying
HPRegen 0.34/turn    l - +6 ring of strength
MPRegen 0.12/turn

%: no spellcasting, reflection, rampage
@: mighty, marked
A: permanent stasis, dig shafts and tunnels, antennae 3, four strong arms
a: Dig, Shaft Self, Renounce Religion, Potion Petition, Call Merchant, Bribe
Branch


You were on level 12 of the Dungeon.
You worshipped Gozag.
Gozag was most pleased with you.
You visited 2 branches of the dungeon, and saw 11 of its levels.
You also visited: Ossuary and Bailey.

You collected 1272 gold pieces.
You paid 103 gold pieces to Gozag.

Inventory:

Hand Weapons
 w - a +6 mace of protection
 U - a +3 halberd (weapon)
Missiles
 h - 3 atropa-tipped darts
 A - 28 poisoned darts
Armour
 c - a +2 pair of boots of stealth (worn)
 u - the +15 Maxwell's patent armour (worn) {-Cast -Tele rElec Will+ rCorr}
   (You took it off an orc knight in a bailey)

   rElec:     It insulates you from electricity.
   -Cast:     It prevents spellcasting.
   -Tele:     It prevents most forms of teleportation.
   rCorr:     It protects you from acid and corrosion.
   Will:      It increases your willpower.
 C - a +0 pair of gloves (worn)
 H - the +0 tower shield "Musun" (worn) {Rampage Will+ Str-2 Dex+3}
   (You acquired it in a bailey)

   Str:       It affects your strength (-2).
   Dex:       It affects your dexterity (+3).
   Rampage:   It bestows one free step when moving towards enemies.
   Will:      It increases your willpower.
 K - a +2 leather armour of fire resistance
 V - a +2 robe of fire resistance
Jewellery
 a - a ring of magical power
 g - a +4 ring of slaying (left hand)
 l - a +6 ring of strength (right hand)
 r - an amulet of reflection (around neck)
 B - a ring of protection from fire
 S - a ring of protection from fire
 T - a +6 ring of intelligence
Wands
 i - a wand of mindburst (18)
 j - a wand of iceblast (18)
 I - a wand of paralysis (12)
 P - a wand of flame (11)
 Z - a wand of digging (3)
Scrolls
 b - 2 scrolls of enchant weapon {unknown}
 e - 2 scrolls of amnesia {unknown}
 f - 2 scrolls of teleportation {unknown}
 n - 4 scrolls of magic mapping
 p - 2 scrolls of identify
 q - 5 scrolls of immolation
 y - a scroll of vulnerability {unknown}
 E - 3 scrolls of enchant armour
 M - 2 scrolls of noise {unknown}
 N - 3 scrolls of poison {unknown}
 Q - a scroll of torment {unknown}
 X - 2 scrolls of fear {unknown}
 Y - a scroll of brand weapon {unknown}
Potions
 k - 2 potions of lignification {unknown}
 m - 2 potions of attraction
 o - 4 potions of resistance {unknown}
 s - 4 potions of flight
 t - a potion of magic {unknown}
 x - 2 potions of degeneration {unknown}
 z - 4 potions of brilliance
 D - 3 potions of cancellation {unknown}
 F - 2 potions of berserk rage {unknown}
 G - 2 potions of heal wounds
 J - 7 potions of curing


   Skills:
 + Level 8.4 Fighting
 - Level 1.7 Long Blades
 - Level 6.4(6.7) Axes
 - Level 2.7(5.0) Polearms
 + Level 8.6 Armour
 + Level 10.2 Shields
 - Level 8.5 Translocations


You had 10 spell levels left.
You didn't know any spells.
Your spell library contained the following spells:

 Spells                   Type           Power      Damage    Failure   Level
 Gell's Gravitas          Tloc           13%        N/A       67%         3
 Teleport Other           Tloc           13%        N/A       67%         3
 Beastly Appendage        Tmut           0%         N/A       100%        1
 Ensorcelled Hibernation  Hex/Ice        0%         N/A       100%        2
 Passwall                 Tmut/Erth      0%         N/A       100%        2
 Wereblood                Tmut           0%         N/A       100%        2
 Spider Form              Tmut/Pois      0%         N/A       100%        3
 Dispersal                Tloc           6%         N/A       100%        6
 Swiftness                Air            Unusable   N/A       N/A         3

Dungeon Overview and Level Annotations

Branches:
Dungeon (9/15)             Temple (1/1) D:7         Ossuary (visited)
 Bailey (visited)
   Lair: D:8-11         Orc: D:9-12

Altars:
Cheibriados
Dithmenos
Fedhas
Gozag
Hepliaklqana
Kikubaaqudgha
Makhleb
Nemelex Xobeh
Okawaru
Qazlal
Trog
Uskayaw
Vehumet
Xom
Yredelemnul
Zin
The Shining One

Shops:
D:4 *

Annotations:
D:4 3 runed translucent doors, pzskc383's ghost, novice GrFi
D:12 Rupert


Innate Abilities, Weirdness & Mutations

You cannot be hasted, slowed, berserked, paralysed or teleported.
You can dig through walls and to a lower floor.
You have a pair of large antennae on your head. (SInv)
Your four strong arms can wield two-handed weapons with a shield.


Message History

Unknown command.
You hit the wraith.
The wraith is almost destroyed.
You block Rupert's attack. You block the wraith's attack.
Rupert hits you but does no damage.
A troll comes into view.
You feel very mighty all of a sudden.
Rupert hits you with a +2 great mace of holy wrath!
You block the wraith's attack. Rupert hits you but does no damage.
You impale Rupert!!
Rupert is lightly wounded.
Rupert closely misses you.
A troll comes into view.
You block the wraith's attack. You block Rupert's attack.
You block the wraith's attack. The troll bites you.
* * * LOW HITPOINT WARNING * * *
You block the troll's attack. The troll claws you but does no damage.
You impale Rupert!!
Rupert is moderately wounded.
Rupert closely misses you. You block the wraith's attack.
Rupert hits you but does no damage. You block the troll's attack. x2
The troll claws you but does no damage.
Unknown command.
You puncture Rupert!
Rupert is moderately wounded.
You block Rupert's attack. You block the wraith's attack. The troll bites you!
* * * LOW HITPOINT WARNING * * *
You block the troll's attack. x3; The troll claws you.
* * * LOW HITPOINT WARNING * * *
The troll barely misses you. You block Rupert's attack.
The troll completely misses you. The troll claws you!
* * * LOW HITPOINT WARNING * * *
You block the troll's attack. The wraith hits you but does no damage.
The troll bites you but does no damage.
The troll claws you but does no damage. x2
A yak comes into view.
Are you sure you want to shaft yourself?
You block Rupert's attack.
Rupert hits you with a +2 great mace of holy wrath.
You die...
Your body crumbles into a pile of gold.

#.............###
#...............###
#........{.(......###
#......{............#
#....................
#....Y...............
#....#######.........
##.TT# #.........
#..@# #.........
#.@W# #.######..
#..C# #.#....+..
#...# #.#....#..
#...# #.#....'..
#...# #....#.. #...#
######.. #...# ###


You could see Rupert (berserk), a cyclops, a yak, 2 trolls and a wraith.

Vanquished Creatures
  2 two-headed ogres
  Pikel (D:7)
  An orc knight (Bailey)
  A cyclops (D:12)
  An unseen horror (D:12)
  Psyche (D:9)
  2 trolls
  A hornet (D:8)
  2 steam dragons
  Menkaure (Ossuary)
  An acid dragon (D:12)
  A black bear (D:6)
  9 orc warriors
  3 ice beasts
  2 ogres
  2 sky beasts
  A centaur (D:8)
  A phantom (D:6)
  2 lemures (D:7)
  2 kobold brigands (D:8)
  3 bullfrogs
  A gnoll sergeant (D:7)
  A scorpion (D:7)
  14 killer bees
  A wight (D:8)
  2 howler monkeys
  A crimson imp (D:8)
  2 jellies (D:6)
  4 hounds
  3 orc priests
  2 iguanas
  5 orc wizards
  4 mummies
  5 gnolls (D:7)
  11 adders
  3 shadow imps
  2 ufetubi
  A worm (D:5)
  3 dart slugs
  44 orcs
  5 ball pythons
  5 bats
  6 endoplasms
  A giant cockroach (D:1)
  3 gnoll zombies (Ossuary)
  8 goblins
  9 hobgoblins
  14 jackals
  8 kobolds
  2 quokkas
  5 frilled lizards
  4 gnoll skeletons (Ossuary)
  6 goblin skeletons (Ossuary)
  3 goblin zombies (Ossuary)
  2 hobgoblin skeletons (Ossuary)
  6 hobgoblin zombies (Ossuary)
  4 kobold skeletons (Ossuary)
  A kobold zombie (Ossuary)
  8 orc skeletons (Ossuary)
  6 orc zombies (Ossuary)
  3 rats
  A rat skeleton (Ossuary)
  6 rat zombies (Ossuary)
265 creatures vanquished.

Notes
Turn   | Place    | Note
-------+----------+-------------------------------------------
     0 | D:1      | Descartes the Formicid Fighter began the quest for the Orb.
     0 | D:1      | Reached XP level 1. HP: 18/18 MP: 1/1
   184 | D:1      | Reached XP level 2. HP: 24/24 MP: 2/2
   286 | D:1      | Reached skill level 1 in Translocations
   352 | D:1      | Reached XP level 3. HP: 29/29 MP: 3/3
  1139 | D:2      | Reached XP level 4. HP: 6/36 MP: 4/4
  1608 | D:3      | Found a faded altar of an unknown god.
  1720 | D:3      | Reached XP level 5. HP: 42/42 MP: 5/5
  1901 | D:3      | Found a shadowy altar of Dithmenos.
  2366 | D:4      | Reached skill level 1 in Long Blades
  2402 | D:4      | Found Rocajodgh's Assorted Antiques.
  2448 | D:4      | Found a runed translucent gate.
  2450 | D:4      | Found a runed translucent gate.
  2451 | D:4      | Found a runed translucent gate.
  2703 | D:4      | Noticed pzskc383's ghost (novice GrFi)
  2789 | D:4      | Found a hazy altar of Hepliaklqana.
  2862 | D:5      | Entered Level 5 of the Dungeon
  2874 | D:5      | Noticed an ice beast
  2882 | D:5      | Killed an ice beast
  2883 | D:5      | Reached skill level 5 in Shields
  2883 | D:5      | Reached XP level 6. HP: 48/48 MP: 6/6
  2974 | D:5      | Found Iroreaca's Assorted Antiques.
  2985 | D:5      | Reached XP level 7. HP: 50/54 MP: 7/7
  3587 | D:6      | Reached XP level 8. HP: 46/61 MP: 8/8
  3700 | D:6      | Reached skill level 5 in Armour
  3700 | D:6      | Reached skill level 6 in Shields
  3702 | D:6      | Found a sand-covered staircase.
  3711 | Ossuary  | Entered an ossuary
  3974 | Ossuary  | Reached skill level 5 in Fighting
  4023 | Ossuary  | Noticed Menkaure
  4030 | Ossuary  | Killed Menkaure
  4488 | D:6      | Found a blossoming altar of Fedhas.
  4546 | D:6      | Reached skill level 5 in Translocations
  4801 | D:6      | Noticed a two-headed ogre
  4808 | D:6      | Killed a two-headed ogre
  4809 | D:6      | Reached skill level 7 in Shields
  4809 | D:6      | Reached XP level 9. HP: 14/69 MP: 9/9
  5027 | D:6      | Reached skill level 5 in Axes
  5205 | D:7      | Found a snail-covered altar of Cheibriados.
  5444 | D:7      | Found a bloodstained altar of Trog.
  5448 | D:7      | Noticed Pikel
  5483 | D:7      | Killed Pikel
  5596 | D:7      | Found a staircase to the Ecumenical Temple.
  5604 | Temple   | Entered the Ecumenical Temple
  5624 | Temple   | Became a worshipper of Gozag Ym Sagoz the Greedy
  5862 | D:7      | Reached XP level 10. HP: 61/77 MP: 10/10
  5987 | D:7      | Found an iron altar of Okawaru.
  6111 | D:7      | Reached skill level 8 in Shields
  6321 | D:6      | Found a glowing golden altar of the Shining One.
  6664 | D:8      | Found a hide-covered altar of Uskayaw.
  6977 | D:8      | Found a burning altar of Makhleb.
  7847 | D:9      | Noticed Psyche
  7854 | D:9      | Killed Psyche
  8144 | D:9      | Noticed a two-headed ogre
  8413 | D:9      | Found a flagged portal.
  8437 | D:9      | Reached skill level 9 in Shields
  8471 | Bailey   | Entered a bailey
  8822 | Bailey   | Noticed an orc knight
  9228 | Bailey   | Killed an orc knight
  9229 | Bailey   | Reached skill level 1 in Polearms
  9229 | Bailey   | Reached XP level 11. HP: 14/84 MP: 11/11
  9960 | Bailey   | Identified a scroll of acquirement
  9960 | Bailey   | Acquired the +0 tower shield "Musun" {Rampage Will+ Str-2
                  | Dex+3}
 10163 | D:9      | Killed a two-headed ogre
 10382 | D:9      | You fall into a shaft and drop 3 floors!
 10413 | D:12     | Reached skill level 10 in Shields
 10414 | D:12     | Noticed a cyclops
 10421 | D:12     | Killed a cyclops
 10463 | D:12     | Noticed Rupert
 10467 | D:12     | Noticed a cyclops
 10474 | D:12     | HP: 4/87 [troll (10)]
 10475 | D:12     | Slain by Rupert

Illustrated notes

Levels and vault maps discovered:
D:1:      nicolae_arrival_somewhat_less_tricky_arrival, layout_loops_corners
D:2:      layout_rooms
D:3:      layout_loops_ring, mainiacjoe_overflow_surrounded_room,
          basic_ecumenical_altar, minmay_goblin_kobold_house
D:4:      layout_rooms, nicolae_hepliaklqana_hippocampus, serial_shops, shop,
          ebering_ghost_rock_garden
D:5:      layout_basic, minmay_shop_grid_forest, nicolae_half_adder
D:6:      layout_cave_pods, fedhas_altar_2, tso_altar, enter_ossuary_1,
          minivault_5, minmay_microvault
D:7:      layout_basic, slow_altar_1, lemuel_crystal_altar,
          lemuel_crystal_altar, minmay_temple_entry_stoned_glass,
          nrook_campfire, uniq_pikel, uniq_menkaure
D:8:      kennysheep_six_static_rooms, layout_basic,
          nicolae_uskayaw_dance_studio, makhleb_grotto_becter
D:9:      layout_cross, enter_bailey_5, uniq_psyche
D:12:     minmay_the_grid_four_pointed_star
          [minmay_the_grid_triangle_9x9_subtriangle,
          minmay_the_grid_triangle_9x9_wacky_v,
          minmay_the_grid_triangle_9x9_checkered,
          minmay_the_grid_triangle_9x9_negative_grid,
          minmay_the_grid_prize_shrinking_boxes], layout_irregular_city,
          erik_orc_1, serial_shops, nicolae_shop_hallway_plus,
          lightli_wizard_tower, uniq_rupert
Temple:   nicolae_temple_bog_church

Skill      XL: |  1  2  3  4  5  6  7  8  9 10 11 |
---------------+----------------------------------+-----
Translocations | 1 2 3 4 5 6 8 |  8.5
Long Blades    | 1 |  1.7
Fighting       | 4 5 6 7 8 |  8.4
Axes           | 3 4 5 6 |  6.4
Armour         | 4 6 7 8 |  8.6
Shields        | 5 7 9 10 | 10.2
Polearms       | 1 2 |  2.7

Action                     |  1- 3 |  4- 6 |  7- 9 | 10-12 || total
---------------------------+-------+-------+-------+-------++-------
  Melee: War axe           |    53 |    63 |   223 |   177 ||   516
         Triple sword      |    13 |    52 |       |       ||    65
         Halberd           |       |       |       |   132 ||   132
Ability: Dig               |       |       |       |     4 ||     4
         Shaft Self        |       |       |       |     1 ||     1
    Use: Potion            |     1 |     2 |     1 |     5 ||     9
         Scroll            |       |       |       |    10 ||    10
   Stab: Distracted        |       |       |       |     1 ||     1
 Armour: Scale mail        |    40 |    30 |       |       ||    70
         Chain mail        |       |    32 |    60 |    89 ||   181
         Plate armour      |       |       |       |    33 ||    33
  Dodge: Dodged            |    42 |    51 |    47 |    94 ||   234
  Block: Buckler           |    22 |    44 |   104 |   160 ||   330
         Reflection        |       |     2 |       |     3 ||     5
         Tower shield      |       |       |       |    78 ||    78
